 Dungeon Crawl Stone Soup version 0.17-a0-1923-gc35365e (webtiles) character file.

392 graki42 the Conjurer (level 6, 0/33 HPs)
             Began as a Deep Elf Conjurer on Sept 28, 2015.
             Was an Initiate of Vehumet.
             Slain by Duvessa
             ... wielding a +3 short sword of protection
              (10 damage)
             ... on level 4 of the Dungeon.
             The game lasted 00:17:13 (4389 turns).

graki42 the Conjurer (Deep Elf Conjurer)            Turns: 4389, Time: 00:17:13

Health: 0/33       AC:  4    Str:  7    XL:     6   Next: 50%
Magic:  0/17       EV: 13    Int: 20    God:    Vehumet [......]
Gold:   184        SH:  0    Dex: 15    Spells: 4 memorised, 7 levels left

rFire  . . .     SeeInvis .     m - +2 dagger (drain)
rCold  . . .     Clarity  .     a - +0 robe
rNeg   . . .     SustAt   +     (no shield)
rPois  .         Gourm    .     (no helmet)
rElec  .         Spirit   +     v - +1 cloak
rCorr  .         Warding  .     (no gloves)
rMut   .         Stasis   .     (no boots)
MR     .....                    f - amulet of guardian spirit
Stlth  +.........               x - ring of sustain attributes (curse)
                                k - ring of loudness (curse)

@: very slightly contaminated, not resistant to hostile enchantments, very
unstealthy
A: no striking features
a: Renounce Religion


You were on level 4 of the Dungeon.
You worshipped Vehumet.
Vehumet was noncommittal.
You were hungry.

You visited 2 branches of the dungeon, and saw 6 of its levels.

You collected 184 gold pieces.

Inventory:

Hand weapons
 m - a +2 dagger of draining (weapon)
Armour
 a - a +0 robe (worn)
 v - a +1 cloak (worn)
Jewellery
 f - an amulet of guardian spirit (around neck)
 k - a cursed ring of loudness (left hand)
 x - a cursed ring of sustain attributes (right hand)
Scrolls
 d - 5 scrolls of remove curse {unknown}
 g - a scroll of noise {unknown}
 h - 3 scrolls of enchant armour
 j - 4 scrolls of identify
 o - 2 scrolls of fog {unknown}
 w - 2 scrolls of immolation {unknown}
 y - a scroll of blinking {unknown}
 z - 3 scrolls of amnesia
 A - a scroll of teleportation {unknown}
Potions
 e - 4 potions of curing
 i - a potion of ambrosia {unknown}
 l - 2 potions of cure mutation {unknown}
 n - a potion of brilliance {unknown}
 q - 2 potions of poison {unknown}
 t - a potion of flight {unknown}
 B - a potion of lignification {unknown}
Books
 b - a book of Conjurations

   Spells                             Type                      Level
   a - Magic Dart                     Conjuration                  1
   b - Searing Ray                    Conjuration                  2
   c - Dazzling Spray                 Conjuration/Hexes            3
   d - Fulminant Prism                Conjuration/Hexes            4
   e - Iskenderun's Mystic Blast      Conjuration                  4
   f - Iskenderun's Battlesphere      Conjuration/Charms           5
Comestibles
 c - 4 bread rations
 p - 2 royal jellies
 r - 3 meat rations
 s - 2 beef jerkies
 u - 2 slices of pizza


   Skills:
 + Level 0.5 Fighting
 + Level 0.2 Short Blades
 + Level 3.5 Dodging
 + Level 3.6 Stealth
 + Level 6.0 Spellcasting
 + Level 6.3 Conjurations
 + Level 1.0 Hexes


You had 7 spell levels left.
You knew the following spells:

 Your Spells              Type           Power        Failure   Level  Hunger
a - Magic Dart            Conj           ####         1%          1    None
b - Searing Ray           Conj           ####..       1%          2    None
c - Dazzling Spray        Conj/Hex       ###.....     10%         3    ##.....
d - Iskenderun's Mystic   Conj           ####....     10%         4    ####...


Dungeon Overview and Level Annotations

Branches:
Dungeon (5/15)             Temple (1/1) D:4

Altars:
Ashenzari
Cheibriados
Dithmenos
Elyvilon
Fedhas
Gozag
Kikubaaqudgha
Makhleb
Nemelex Xobeh
Okawaru
Qazlal
Ru
Sif Muna
Trog
Vehumet
Xom
Yredelemnul
Zin
The Shining One

Annotations:
D:4 Duvessa


Message History

You climb upwards.
There is a stone staircase leading down here.
Read which item? (? for menu, Esc to quit)
As you read the scroll labeled MAYKHU KAURAESCH, it crumbles to dust.
It is a scroll of enchant armour.
Enchant which item? (? for menu, Esc to quit)
Your cursed +0 cloak glows green for a moment.
Duvessa hits you with a short sword of protection.
Drink which item? (? for menu, Esc to quit)
It was a potion of curing.
You feel better. Duvessa barely misses you.
Duvessa hits you with a short sword of protection!
Drink which item? (? for menu, Esc to quit)
Okay, then.
Read which item? (? for menu, Esc to quit)
As you read the scroll labeled FEDGHA ECONODO, it crumbles to dust.
It is a scroll of identify.
Identify which item? (\ to view known items) (? for menu, Esc to quit)
z - 3 scrolls of amnesia Duvessa hits you with a short sword of protection!
You die...

##........##...........##.###.#
##........##...........##.....#
............#......############
..........#.#......#########
............#......(.......#
..##........##...#########.#
..##........##...#########.#
..##.............e......##.#
####............@.....[.'..#
.###....................####
.......(..................#
(....#............#.......#
.....#............#.......#
........####......#.......#
........# #......#.......#
........# #....###.......#
........# ###### #.......#


You could see Duvessa (berserk).

Vanquished Creatures
  Dowan (D:5)
  A quasit (D:4)
  A centaur zombie (D:4)
  Crazy Yiuf (D:2)
  A centaur skeleton (D:3)
  A hound (D:5)
  2 worker ants
  A hound skeleton (D:4)
  3 worker ant zombies
  2 adders
  An ooze (D:2)
  An adder zombie (D:3)
  An adder skeleton (D:3)
  A worm (D:3)
  4 orcs
  5 bats
  6 giant cockroaches
  6 goblins
  7 hobgoblins
  5 jackals
  5 quokkas
  3 ball pythons
  A ball python skeleton (D:3)
  2 giant gecko skeletons (D:3)
  A giant gecko zombie (D:3)
  3 giant newts
  6 kobolds
  7 rats
  A fungus (D:2)
80 creatures vanquished.

Notes
Turn   | Place    | Note
--------------------------------------------------------------
     0 | D:1      | graki42 the Deep Elf Conjurer began the quest for the Orb.
     0 | D:1      | Reached XP level 1. HP: 10/10 MP: 6/6
   238 | D:1      | Reached XP level 2. HP: 15/15 MP: 4/8
   566 | D:1      | Reached skill level 5 in Conjurations
   788 | D:1      | Learned a level 2 spell: Searing Ray
   932 | D:2      | Reached XP level 3. HP: 19/19 MP: 6/9
  1659 | D:2      | Noticed Crazy Yiuf
  1667 | D:2      | Killed Crazy Yiuf
  1667 | D:2      | Reached XP level 4. HP: 8/24 MP: 1/11
  1983 | D:3      | Learned a level 3 spell: Dazzling Spray
  1988 | D:3      | Learned a level 4 spell: Iskenderun's Mystic Blast
  2239 | D:3      | Found a faded altar to an unknown god.
  2503 | D:3      | Reached XP level 5. HP: 19/28 MP: 0/13
  3514 | D:4      | Reached skill level 6 in Conjurations
  3568 | D:4      | Found a staircase to the Ecumenical Temple.
  3597 | Temple   | Entered the Ecumenical Temple
  3673 | Temple   | Became a worshipper of Vehumet
  3702 | D:4      | Reached skill level 5 in Spellcasting
  3727 | D:4      | Found a sparkling altar of Nemelex Xobeh.
  3978 | D:5      | Entered Level 5 of the Dungeon
  3978 | D:5      | Noticed Duvessa
  3978 | D:5      | Noticed a centaur
  3980 | D:5      | Noticed Dowan
  3985 | D:4      | Reached XP level 6. HP: 28/32 MP: 1/16
  4285 | D:5      | Killed Dowan
  4285 | D:5      | Reached skill level 1 in Hexes
  4389 | D:4      | Slain by Duvessa

Vault maps used:
D:1:      lightli_arrival_statue_moat
D:2:      first_bread, uniq_crazy_yiuf_cottage
D:3:      serial_undead, serial_undead_b, serial_undead_f, serial_undead_b,
          serial_undead_d, serial_undead_e, serial_undead_f, ecumenical_altar_2
D:4:      overflow_temple_1_default, minmay_temple_entry_purple_smoke
D:5:      uniq_duvessa
Temple:   grunt_circular_temple_18

Action                   |  1- 3 |  4- 6 || total
-------------------------+-------+-------++-------
Melee: Dagger            |    22 |    21 ||    43
 Cast: Magic Dart        |    70 |    49 ||   119
       Searing Ray       |     4 |    11 ||    15
       Dazzling Spray    |       |     6 ||     6
       Iskenderun's Myst |       |    10 ||    10
  Use: Scroll            |       |     2 ||     2
       Potion            |       |     1 ||     1
 Stab: Invisible         |       |     1 ||     1
  Eat: Chunk             |     2 |     9 ||    11
       Fruit             |       |     1 ||     1
